 Dungeon Crawl Stone Soup version 0.28.0-1-gb440e238dd (webtiles) character file.

Game seed: 257928202210379850

55606 Kaptain the Geomancer (level 14, -12/98 HPs)
             Began as an Octopode Earth Elementalist on Feb 22, 2022.
             Mangled by a sixfirhy (14 damage)
             ... summoned by an orc sorcerer
             ... on level 2 of the Orcish Mines.
             The game lasted 01:45:17 (31505 turns).

Kaptain the Geomancer (OpEE)                       Turns: 31505, Time: 01:45:17

Health: -12/98     AC:  3    Str:  8    XL:     14   Next: 78%
Magic:  23/26      EV: 20    Int: 21    God:
Gold:   1136       SH:  0    Dex: 13    Spells: 14/35 levels left

rFire   + . .      SeeInvis +   b - +5 scimitar (flame)
rCold   . . .      Faith    .   (no shield)
rNeg    . . .      Spirit   .   s - +2 hat
rPois   .          Reflect  .   F - amulet of magic regeneration
rElec   .          Harm     .   l - +4 ring of evasion
rCorr   .          Rampage  .   t - ring of willpower
Will    +++..                   g - ring of see invisible
Stlth   +++++.....              v - ring of protection from fire
HPRegen 0.26/turn               m - ring of willpower
MPRegen 0.60/turn               R - ring of flight
                                (no ring)
                                (no ring)

@: flying
A: almost no armour, amphibious, 8 rings, camouflage 1, gelatinous body 1,
(nimble swimmer 1), tentacles, low MP 1, subdued magic 1
a: no special abilities


You were on level 2 of the Orcish Mines.
You visited 4 branches of the dungeon, and saw 20 of its levels.
You also visited: Ice Cave and Volcano.

You collected 2686 gold pieces.
You spent 1550 gold pieces at shops.

Inventory:

Hand Weapons
 b - a +5 scimitar of flaming (weapon)
 n - a +0 hunting sling of freezing
 q - a +2 dagger of venom
 C - a +2 mace of holy wrath
 W - the +7 trident of Benevolence {drain, Drain rPois rN++ Will- Str+3}
   (You bought it in a shop on level 2 of the Orcish Mines)

   A truly terrible weapon, it drains the life of any living foe it strikes.
   Str:       It affects your strength (+3).
   rPois:     It protects you from poison.
   rN:        It greatly protects you from negative energy.
   Drain:     It drains your maximum health when unequipped.
   Will:      It decreases your willpower.
Missiles
 c - 118 sling bullets
 j - 330 stones
 k - 5 poisoned darts
 O - 3 silver boomerangs (quivered)
 S - 4 throwing nets
Armour
 s - a +2 hat (worn)
Magical Staves
 o - a staff of poison
 D - a staff of fire
 K - a staff of death
Jewellery
 g - a ring of see invisible (on tentacle)
 l - a +4 ring of evasion (left tentacle)
 m - a ring of willpower (on tentacle)
 t - a ring of willpower (right tentacle)
 v - a ring of protection from fire (on tentacle)
 B - an amulet of the acrobat
 F - an amulet of magic regeneration (around mantle)
 R - a ring of flight (on tentacle)
Wands
 e - a wand of charming (8)
 u - a wand of acid (9)
 G - a wand of digging (4)
 P - a wand of paralysis (4)
 X - a wand of polymorph (23)
Scrolls
 d - a scroll of amnesia
 f - 2 scrolls of fog
 r - 3 scrolls of immolation
 w - 3 scrolls of teleportation
 x - 3 scrolls of torment
 y - a scroll of acquirement
 J - a scroll of enchant armour
 M - 2 scrolls of holy word
 U - 2 scrolls of brand weapon
Potions
 a - 3 potions of might
 i - 6 potions of lignification
 p - 4 potions of flight
 z - 3 potions of resistance
 A - a potion of brilliance
 H - 2 potions of cancellation
 I - 3 potions of berserk rage
 L - a potion of mutation
 N - 2 potions of ambrosia
 Q - 2 potions of curing
 T - 2 potions of invisibility
 Y - a potion of magic
 Z - 3 potions of haste {unknown}


   Skills:
 + Level 9.8 Fighting
 + Level 7.4 Dodging
 - Level 8.2 Stealth
 + Level 11.1 Spellcasting
 + Level 10.0 Conjurations
 - Level 10.0 Transmutations
 + Level 12.2 Earth Magic


You had 14 spell levels left.
You knew the following spells:

 Your Spells              Type           Power      Damage    Failure   Level
a - Sandblast             Erth           96%        2d20      1%          1
b - Stone Arrow           Conj/Erth      90%        3d12      1%          3
c - Lee's Rapid Deconstr  Erth           24%        3d14*     1%          5
d - Statue Form           Tmut/Erth      30%        N/A       7%          6
e - Iron Shot             Conj/Erth      22%        9d5       7%          6

Your spell library contained the following spells:

 Spells                   Type           Power      Damage    Failure   Level
 Foxfire                  Conj/Fire      100%       2x1d9     1%          1
 Passwall                 Tmut/Erth      37%        N/A       1%          2
 Conjure Flame            Conj/Fire      25%        6-21      1%          3
 Petrify                  Tmut/Erth      45%        N/A       1%          4
 Blade Hands              Tmut           20%        N/A       1%          5
 Leda's Liquefaction      Hex/Erth       14%        N/A       3%          4
 Flame Wave               Conj/Fire      25%        2d7       6%          4
 Gell's Gravitas          Tloc           8%         N/A       14%         3
 Inner Flame              Hex/Fire       8%         N/A       14%         3
 Lesser Beckoning         Tloc           8%         N/A       14%         3
 Summon Guardian Golem    Hex/Summ       8%         N/A       14%         3
 Teleport Other           Tloc           8%         N/A       14%         3
 Olgreb's Toxic Radiance  Pois           8%         N/A       45%         4
 Orb of Destruction       Conj           20%        9d8       58%         7
 Spellforged Servitor     Conj/Summ      12%        N/A       99%         7
 Ozocubu's Refrigeration  Ice            4%         4d5       100%        7
 Ignition                 Fire           4%         3d4       100%        8
 Animate Armour           Summ/Erth      Unusable   N/A       N/A         4

Dungeon Overview and Level Annotations

Branches:
Dungeon (11/15)            Temple (1/1) D:6            Lair (6/6) D:9
 Shoals (0/4) Lair:4       Spider (0/4) Lair:3          Orc (2/2) D:9
    Elf (0/3) Orc:2         IceCv (visited)         Volcano (visited)
  Slime: Lair:5-6

Altars:
Ashenzari
Cheibriados
Dithmenos
Elyvilon
Fedhas
Gozag
Hepliaklqana
Kikubaaqudgha
Makhleb
Nemelex Xobeh
Okawaru
Qazlal
Ru
Sif Muna
Trog
Uskayaw
Vehumet
Wu Jian
Xom
Yredelemnul
Zin
The Shining One
Beogh

Shops:
D:2 **=*   D:5 *   Orc:2 ((

Annotations:
Orc:1 1 runed translucent door, duckroller's ghost, journeyman HOMo


Innate Abilities, Weirdness & Mutations

You cannot wear most types of armour.
You are amphibious.
You can wear up to eight rings at the same time.
Your skin changes colour to match your surroundings (Stealth+).
Your rubbery body absorbs attacks. (AC +1, EV +1)
((You are camouflaged when in or above water. (Stealth+)))
You have tentacles for arms and can constrict up to eight enemies at once.
Your magical capacity is low. (-10% MP)
Your spells are a little easier to cast, but a little less powerful.


Message History

Aiming: Iron Shot (dangerous; 7% risk of failure)
Press: ? - help, Shift-Dir - straight line, f - orc high priest
Aim: an orc high priest, wielding a +0 scimitar and wearing a +0 scale mail (wandering, hasn't noticed you, 68% to hit)
The iron shot hits the orc high priest!!
The orc high priest is heavily wounded.
The orc sorcerer shouts!
You hear a shout!
The orc high priest utters an invocation to Beogh.
The orc knight shouts!
Unknown command.
Casting: Iron Shot (dangerous; 7% risk of failure)
Confirm with . or Enter, or press ? or * to list all spells.
Aiming: Iron Shot (dangerous; 7% risk of failure)
Press: ? - help, Shift-Dir - straight line, f/p - orc high priest
Aim: an orc high priest, wielding a +0 scimitar and wearing a +0 scale mail (heavily wounded, 68% to hit)
The iron shot hits the orc high priest!!
The orc high priest is almost dead.
An orc knight comes into view.
It is wielding a +0 dire flail of protection.
The orc sorcerer gestures wildly while chanting.
The orc knight shouts!
Things that are here:
a +0 trident; a +0 plate armour
Items here: )) [[ ÷÷.
The sixfirhy barely misses you. The sixfirhy hits you! The sixfirhy shocks you!
The sixfirhy hits you! The sixfirhy shocks you!
The sixfirhy closely misses you.
Items here: )) [ ††.
Things that are here:
a +0 trident; a +1 robe of fire resistance The sixfirhy hits you!
The sixfirhy shocks you! The sixfirhy hits you. The sixfirhy shocks you!
* * * LOW HITPOINT WARNING * * *
The sixfirhy hits you.
* * * LOW HITPOINT WARNING * * *
The sixfirhy shocks you!
* * * LOW HITPOINT WARNING * * *
The sixfirhy misses you.
You feel much better. The sixfirhy hits you. The sixfirhy shocks you!
* * * LOW HITPOINT WARNING * * *
The orc sorcerer gestures wildly while chanting.
Things that are here:
a +0 dagger; a +0 robe The orc sorcerer gestures wildly while chanting.
The sixfirhy barely misses you. x2; The sixfirhy closely misses you.
The sixfirhy hits you but does no damage.
The sixfirhy hits you!
* * * LOW HITPOINT WARNING * * *
The sixfirhy shocks you!
* * * LOW HITPOINT WARNING * * *
The sixfirhy hits you!
You die...

#...............# ###
................#####.##
........#........##....#
.................#....##
................#...###
........)#)....#)...#.##
.........)####.).......#
.........## ###......##
<.......## #@3...#.##
........# #.3...)..#
.......## ##.......#
.......# ###).)..# #####
.......#.... #.)..)#
#.... .......#....
#.)..## ##...
.......#..... #)4..#
###. .......#÷...o
##o...# ######.#
.......##...o.
#.o).####.##....


You could see 2 sixfirhies.

Vanquished Creatures
  Josephine (Orc:1)
  8 hydras
  Harold (Lair:1)
  A centaur warrior (Volcano)
  A boulder beetle (Lair:2)
  A two-headed ogre (D:10)
  A catoblepas (Lair:3)
  6 death yaks
  Erica (Lair:2)
  2 orc high priests
  A hell knight (Volcano)
  6 orc sorcerers
  An orc knight (Orc:2)
  A manticore (D:11)
  An elephant (Lair:5)
  An ugly thing (IceCv)
  An ice statue (IceCv)
  A merfolk siren (Lair:4)
  7 black mambas
  A torpor snail (Lair:2)
  10 cane toads
  3 yaktaurs (Volcano)
  2 rime drakes
  An entropy weaver simulacrum (IceCv)
  3 komodo dragons
  3 trolls
  2 polar bears
  A merfolk (Lair:4)
  3 meliai (D:9)
  3 blink frogs (Lair:4)
  3 wraiths
  A shadow (D:10)
  5 wyverns
  A dire elephant simulacrum (IceCv)
  25 yaks
  The ghost of RamboRex the Covert, an amateur SpEn of Gozag (D:4)
  Grum (D:8)
  3 basilisks
  A steam dragon (D:7)
  4 vampire mosquitoes
  A warg (Orc:1)
  A harpy simulacrum (IceCv)
  15 water moccasins
  12 orc warriors
  2 ice beasts
  2 black bears
  3 sky beasts
  A necrophage (D:6)
  4 ogres
  3 wolves (D:8)
  11 centaurs
  8 bullfrogs
  5 scorpions
  4 two-headed ogre simulacra (IceCv)
  A water moccasin zombie (D:5)
  A water moccasin skeleton (D:5)
  6 killer bees (D:8)
  3 electric eels (Lair:1)
  3 howler monkeys
  7 wights (D:9)
  2 elephant simulacra (IceCv)
  3 jellies
  8 centaur zombies
  A bullfrog skeleton (D:7)
  6 hounds
  19 orc priests
  3 iguanas
  Jessica (D:2)
  13 orc wizards
  A killer bee zombie (D:8)
  6 spriggan simulacra (IceCv)
  8 troll simulacra (IceCv)
  3 polar bear simulacra (IceCv)
  A wolf simulacrum (IceCv)
  2 hound skeletons
  A mummy (D:7)
  A howler monkey zombie (D:5)
  6 adders
  2 naga simulacra (IceCv)
  8 gnolls
  3 shadow imps
  18 white imps
  7 ufetubi
  2 worms
  2 dart slugs
  54 orcs
  5 bats
  2 endoplasms
  3 giant cockroaches
  8 goblins
  9 hobgoblins
  6 jackals
  9 kobolds
  4 quokkas
  7 ball pythons
  2 frilled lizards
  A hobgoblin zombie (D:7)
  3 orc zombies (D:7)
  10 rats
463 creatures vanquished.

Vanquished Creatures (others)
  An orc wizard (Orc:2)
  2 orcs (Orc:2)
  4 bushes (D:9)
  29 fungi
  64 plants
100 creatures vanquished.

Grand Total: 563 creatures vanquished

Notes
Turn   | Place    | Note
-------+----------+-------------------------------------------
     0 | D:1      | Kaptain the Octopode Earth Elementalist began the quest for
                  | the Orb.
     0 | D:1      | Reached XP level 1. HP: 11/11 MP: 3/3
   235 | D:1      | Reached XP level 2. HP: 10/18 MP: 5/5
   542 | D:1      | Found a faded altar of an unknown god.
   672 | D:1      | Reached skill level 1 in Fighting
   821 | D:1      | Reached XP level 3. HP: 23/23 MP: 3/6
   853 | D:1      | Learned a level 3 spell: Stone Arrow
   866 | D:1      | Reached skill level 3 in Stealth
  1599 | D:2      | Found Moal's General Store.
  1743 | D:2      | Found Ram Qod's General Store.
  1829 | D:2      | Found Fiumamo's Jewellery Emporium.
  1897 | D:2      | Noticed Jessica
  2156 | D:2      | Killed Jessica
  2157 | D:2      | Reached XP level 4. HP: 29/29 MP: 5/7
  2899 | D:2      | Found Zilycseh's General Store.
  3016 | D:2      | Reached XP level 5. HP: 11/34 MP: 0/9
  3426 | D:3      | Noticed a water moccasin
  3436 | D:3      | Killed a water moccasin
  3437 | D:3      | Reached skill level 3 in Spellcasting
  3437 | D:3      | Reached skill level 4 in Earth Magic
  3437 | D:3      | Reached XP level 6. HP: 41/41 MP: 4/10
  3652 | D:3      | Found an ornate altar of the Wu Jian Council.
  4219 | D:3      | Reached skill level 3 in Fighting
  4219 | D:3      | Reached skill level 3 in Dodging
  5204 | D:4      | Reached XP level 7. HP: 46/46 MP: 10/12
  5756 | D:4      | Found a shadowy altar of Dithmenos.
  5802 | D:4      | Found a large runed translucent door.
  5803 | D:4      | Found a large runed translucent door.
  5806 | D:4      | Noticed RamboRex's ghost (amateur SpEn)
  6089 | D:4      | Killed RamboRex's ghost
  6090 | D:4      | Reached skill level 5 in Earth Magic
  6222 | D:5      | Entered Level 5 of the Dungeon
  6554 | D:5      | Reached XP level 8. HP: 44/54 MP: 2/14
  6645 | D:5      | Found Eazijoesk's Eclectic Emporium.
  7363 | D:5      | Reached skill level 1 in Conjurations
  8439 | D:5      | Reached skill level 6 in Earth Magic
  8717 | D:6      | Reached XP level 9. HP: 61/61 MP: 9/16
  9102 | D:6      | Reached skill level 6 in Stealth
  9298 | D:6      | Found a staircase to the Ecumenical Temple.
  9307 | Temple   | Entered the Ecumenical Temple
  9912 | D:6      | Found an opulent altar of Gozag.
  9912 | D:6      | Found a basalt altar of Yredelemnul.
 10110 | D:7      | Reached skill level 3 in Conjurations
 11767 | D:7      | Found a shimmering blue altar of Sif Muna.
 12006 | D:8      | Reached skill level 6 in Fighting
 12012 | D:8      | Reached skill level 3 in Transmutations
 12337 | D:8      | Reached skill level 7 in Earth Magic
 12421 | D:8      | Noticed Grum
 12427 | D:8      | Killed Grum
 12428 | D:8      | Reached skill level 6 in Spellcasting
 12428 | D:8      | Reached XP level 10. HP: 68/68 MP: 10/19
 13142 | D:5      | Bought a book of the Earth for 360 gold pieces
 13148 | D:5      | Learned a level 5 spell: Lee's Rapid Deconstruction
 13155 | D:5      | Learned a level 6 spell: Statue Form
 14119 | D:9      | Found a staircase to the Orcish Mines.
 14379 | D:10     | Entered Level 10 of the Dungeon
 14426 | D:10     | You fall into a shaft and drop 1 floor!
 14735 | D:9      | Identified 2 scrolls of acquirement
 14735 | D:9      | Acquired 578 gold pieces
 15021 | D:2      | Bought a ring of see invisible for 165 gold pieces
 15022 | D:2      | Bought an amulet of magic regeneration for 330 gold pieces
 15693 | D:9      | Found a staircase to the Lair.
 15703 | D:9      | Reached skill level 8 in Earth Magic
 15752 | D:9      | Reached XP level 11. HP: 75/75 MP: 12/21
 16238 | D:9      | Found a sacrificial altar of Ru.
 16239 | D:9      | Found an iron altar of Okawaru.
 16465 | D:10     | Noticed a two-headed ogre
 16471 | D:10     | Killed a two-headed ogre
 16472 | D:10     | Reached skill level 6 in Conjurations
 16790 | D:10     | Found a hide-covered altar of Uskayaw.
 16858 | D:11     | Noticed a manticore
 17335 | D:11     | Killed a manticore
 17432 | Lair:1   | Entered Level 1 of the Lair of Beasts
 17648 | Lair:1   | Found a frozen archway.
 17681 | IceCv    | Entered an ice cave
 18383 | IceCv    | Learned a level 6 spell: Iron Shot
 19218 | IceCv    | Noticed a white ugly thing
 19253 | IceCv    | Killed a white ugly thing
 19257 | IceCv    | Reached skill level 6 in Transmutations
 19405 | IceCv    | Noticed a reaper
 19422 | IceCv    | HP: 2/77 [reaper (6)]
 20375 | Lair:1   | Noticed an eight-headed hydra
 20383 | Lair:1   | Killed an eight-headed hydra
 20384 | Lair:1   | Reached skill level 9 in Earth Magic
 20384 | Lair:1   | Reached XP level 12. HP: 82/82 MP: 10/24
 20407 | Lair:1   | Noticed Harold
 20431 | Lair:1   | Killed Harold
 20833 | Lair:2   | Noticed Erica
 20843 | Lair:2   | Killed Erica
 21110 | D:5      | Bought a potion of experience for 500 gold pieces
 21110 | D:5      | Reached skill level 9 in Spellcasting
 21110 | D:5      | Reached skill level 10 in Earth Magic
 21110 | D:5      | Reached XP level 13. HP: 88/88 MP: 24/26
 23053 | Lair:2   | Reached skill level 9 in Transmutations
 23053 | Lair:2   | Reached skill level 11 in Earth Magic
 23701 | Lair:3   | Found a hole to the Spider Nest.
 24501 | Lair:4   | Reached skill level 6 in Dodging
 25009 | Lair:4   | Found a staircase to the Shoals.
 25110 | Lair:4   | Reached XP level 14. HP: 63/95 MP: 10/28
 25290 | Lair:4   | Reached skill level 9 in Conjurations
 25700 | Lair:4   | Reached skill level 9 in Fighting
 28027 | Lair:5   | Found an iron altar of Okawaru.
 28216 | Lair:6   | Entered Level 6 of the Lair of Beasts
 28408 | Orc:1    | Entered Level 1 of the Orcish Mines
 28504 | Orc:1    | Noticed Josephine
 28582 | Orc:1    | Killed Josephine
 28967 | Orc:1    | Reached skill level 12 in Earth Magic
 28971 | Orc:1    | Gained mutation: Your spells are a little easier to cast,
                  | but a little less powerful. [a neqoxec]
 29267 | Orc:1    | Noticed duckroller's ghost (journeyman HOMo)
 29271 | Orc:1    | Found a runed translucent door.
 29615 | Orc:2    | Entered Level 2 of the Orcish Mines
 29714 | Orc:2    | Found Zauloc's Antique Weapon Shop.
 29767 | Orc:2    | Found Masi's Antique Weapon Shoppe.
 29776 | Orc:2    | Bought a faintly glowing trident for 195 gold pieces
 29776 | Orc:2    | Identified the +7 trident of Benevolence {drain, Drain
                  | rPois rN++ Will- Str+3} (You bought it in a shop on level 2
                  | of the Orcish Mines)
 29827 | Orc:2    | Found a staircase to the Elven Halls.
 29849 | Orc:2    | Found a dark tunnel.
 29857 | Volcano  | Entered a volcano
 29877 | Volcano  | Found a bloodstained altar of Trog.
 31391 | Orc:2    | Gained mutation: Your magical capacity is low. (-10% MP) [a
                  | neqoxec]
 31505 | Orc:2    | HP: 2/98 [sixfirhy[an orc sorcerer] (12)]
 31505 | Orc:2    | Mangled by a sixfirhy

Illustrated notes

Levels and vault maps discovered:
D:1:      elethiomel_arrival_diamonds, layout_basic,
          hellmonk_ecumenical_altar_prayer_group, kennysheep_another_room
D:2:      layout_rooms, serial_shops, nicolae_square_shop, shop,
          nicolae_shop_stone, nicolae_shop_trees, uniq_jessica
D:3:      layout_loops_corners, lemuel_round_altar, minmay_misc_feat_plants
D:4:      layout_rooms, nicolae_dithmenos_through_a_glass_darkly,
          ebering_ghost_disaster_area
D:5:      layout_basic, nicolae_alphabet_shops
D:6:      layout_loops_ring, gammafunk_temple_overflow_elements,
          minmay_temple_entry_gardened_gates, kennysheep_big_empty_room
D:7:      layout_gridville, nicolae_sif_muna_little_library, minmay_mini_ossuary
D:8:      layout_loops_ring, uniq_grum
D:9:      layout_long_grid, gammafunk_temple_overflow_wave,
          minmay_lair_entry_grove, orc_0_dummy
D:10:     layout_roguey, mainiacjoe_overflow_alcove_2, enter_bailey_4
D:11:     layout_small_grid
Temple:   eino_temple_water
Lair:1:   layout_long_grid, portal_ice_cave_entry_imps, disabler_island,
          infiniplex_staircase_pool, grunt_megastairs_3, uniq_harold
Lair:2:   layout_regular_city, minmay_shattered_shrine, uniq_erica
Lair:3:   layout_hall_layers, spider_nest_entry_webs, st_stairs_10
Lair:4:   layout_small_grid, elwin_shoals_entry_rooms
Lair:5:   layout_misc_corridors, basic_altar
Lair:6:   hellmonk_lair_end_abyssal_woods, layout_loops_ring, slime_altar_1,
          minivault_19, serial_bayou_shore_a
Orc:1:    layout_diamond_mine, hellmonk_ghost_happy_afterlife,
          nicolae_orc_lost_temple, uniq_josephine
Orc:2:    grunt_orc_tribal_feast, layout_caves, serial_shops,
          nicolae_shop_stone, shop, lightli_volcano_entry_magma_tube,
          minmay_orc_temple_c

Skill      XL: |  1  2  3  4  5  6  7  8  9 10 11 12 13 14 |
---------------+-------------------------------------------+-----
Fighting       | 1 2 3 4 5 6 7 8 9 |  9.8
Stealth        | 3 4 5 6 7 8 |  8.2
Spellcasting   | 3 4 5 6 8 9 10 11 | 11.1
Earth Magic    | 4 5 6 7 8 9 10 11 12 | 12.2
Dodging        | 3 4 5 6 7 |  7.4
Conjurations   | 2 4 5 7 8 10 | 10.0
Transmutations | 2 3 4 6 8 9 10 | 10.0

Action                   |  1- 3 |  4- 6 |  7- 9 | 10-12 | 13-15 || total
-------------------------+-------+-------+-------+-------+-------++-------
Melee: Dagger            |    15 |       |     8 |       |       ||    23
       Unarmed           |     5 |       |       |       |       ||     5
       Constrict         |     6 |     1 |     2 |       |    21 ||    30
       Tentacles         |     5 |     2 |     1 |     1 |    66 ||    75
       Short sword       |     9 |       |       |       |       ||     9
       Staff             |       |     3 |       |       |       ||     3
       Mace              |       |       |       |     2 |       ||     2
       Scimitar          |       |       |       |       |   226 ||   226
       Punch             |       |       |       |       |     5 ||     5
 Fire: Hunting sling     |       |    38 |    88 |    32 |       ||   158
Throw: Throwing net      |       |       |     1 |       |       ||     1
       Dart              |       |       |       |       |    13 ||    13
       Boomerang         |       |       |       |       |    30 ||    30
 Cast: Sandblast         |    42 |    72 |    17 |    47 |     2 ||   180
       Stone Arrow       |       |     5 |   139 |   182 |   151 ||   477
       Lee's Rapid Decon |       |       |       |    44 |    70 ||   114
       Statue Form       |       |       |       |       |    81 ||    81
       Iron Shot         |       |       |       |       |    14 ||    14
Evoke: Wand              |       |       |     1 |     2 |     1 ||     4
  Use: Scroll            |     2 |     1 |     6 |    20 |    11 ||    40
       Potion            |       |       |     1 |     3 |     6 ||    10
 Stab: Sleeping          |     4 |       |       |       |     4 ||     8
Armor: Skin              |     2 |     2 |     1 |     4 |   448 ||   457
Dodge: Dodged            |    33 |    41 |    37 |   110 |   735 ||   956
